 Dungeon Crawl Stone Soup version 0.22.1-6-g1668fe2 (webtiles) character file.

14360 wilfster70 the Archer (level 11, 0/101 HPs)
             Began as a Centaur Hunter on Jan 17, 2019.
             Was a High Priest of Okawaru.
             Slain by a minotaur
             ... wielding a +2 broad axe of flaming
              (7 damage)
             ... in a labyrinth.
             The game lasted 00:48:08 (12568 turns).

wilfster70 the Archer (Centaur Hunter)             Turns: 12568, Time: 00:48:11

Health: 0/101      AC: 21    Str: 20    XL:     11   Next: 87%
Magic:  16/18      EV: 13    Int: 17    God:    Okawaru [*****.]
Gold:   664        SH:  0    Dex: 15    Spells: 19/20 levels left

rFire    + . .     SeeInvis +   b - +6 quarterstaff (chaos)
rCold    + . .     Gourm    .   (shield currently unavailable)
rNeg     + . .     Faith    .   G - +1 robe of the Engineer {rC+ rN+ Int+5 Dex+4}
rPois    +         Spirit   .   u - +2 helmet
rElec    .         Reflect  .   p - +2 cloak {+Inv}
rCorr    .         Harm     .   y - +1 pair of gloves
MR       .....                  F - +2 centaur barding {rF+}
Stlth    +++.......             i - amulet of regeneration
HPRegen  0.66/turn              t - ring of poison resistance
MPRegen  0.16/turn              z - ring of see invisible

@: mighty, heroism, very quick
A: large, hooves 3, deformed body, speed 2, tough skin 3
a: Heroism, Finesse, Renounce Religion, Evoke Invisibility


You were in a labyrinth.
You worshipped Okawaru.
Okawaru was extremely pleased with you.
You were not hungry.

You visited 3 branches of the dungeon, and saw 14 of its levels.
You also visited: Labyrinth.

You collected 664 gold pieces.

Inventory:

Hand Weapons
 a - a +1 shortbow
 b - a +6 quarterstaff of chaos (weapon)
 J - a +0 quarterstaff of freezing
Missiles
 d - 367 arrows
 x - 357 stones (quivered)
Armour
 p - a +2 cloak of invisibility (worn)
 u - a +2 helmet (worn)
 y - a +1 pair of gloves (worn)
 F - a +2 centaur barding of fire resistance (worn)
 G - the +1 robe of the Engineer (worn) {rC+ rN+ Int+5 Dex+4}
   (You found it on level 7 of the Dungeon)

   It affects your intelligence (+5).
   It affects your dexterity (+4).
   It protects you from cold.
   It protects you from negative energy.
Jewellery
 h - an uncursed ring of protection from cold
 i - an amulet of regeneration (around neck)
 m - an uncursed ring of protection from cold
 t - a ring of poison resistance (left hand)
 z - a ring of see invisible (right hand)
Wands
 e - a wand of acid (6)
 j - a wand of iceblast (14)
 r - a wand of paralysis (6)
 B - a wand of enslavement (21)
 E - a wand of polymorph (16)
 H - a wand of flame (41)
Scrolls
 n - 3 scrolls of remove curse
 v - 4 scrolls of teleportation
 D - 4 scrolls of amnesia
 I - a scroll of magic mapping
Potions
 c - 4 potions of flight
 g - a potion of cancellation
 k - 3 potions of might
 l - 4 potions of brilliance
 o - a potion of agility
 q - 5 potions of curing
 s - 7 potions of heal wounds
 w - a potion of resistance
 A - a potion of invisibility {unknown}
 C - a potion of ambrosia
Comestibles
 f - 16 rations


   Skills:
 + Level 10.7(15.7) Fighting
 - Level 6.0(11.0) Staves
 - Level 14.0(19.0) Bows
 - Level 3.0(8.0) Dodging
 - Level 0.4(5.4) Stealth
 + Level 5.0 Spellcasting
 + Level 2.1 Earth Magic
 + Level 1.3 Invocations
 - Level 6.0 Evocations


You had 19 spell levels left.
You knew the following spells:

 Your Spells              Type           Power        Failure   Level  Hunger
a - Sandblast             Erth           ##....       6%          1    None

Your spell library contained the following spells:

 Spells                   Type           Power        Failure   Level  Hunger
 Passwall                 Tmut/Erth      #.......     14%         2    #......
 Shroud of Golubria       Chrm/Tloc      #.........   22%         2    #......
 Stone Arrow              Conj/Erth      #.....       28%         3    ###....
 Leda's Liquefaction      Hex/Erth       #.........   67%         4    ####...
 Petrify                  Tmut/Erth      #.......     67%         4    ####...
 Force Lance              Conj/Tloc      #.......     80%         4    ####...
 Lee's Rapid Deconstruct  Erth           ##........   86%         5    ######.
 Summon Forest            Summ/Tloc      #.........   98%         5    ######.


Dungeon Overview and Level Annotations

Branches:
Dungeon (12/15)            Temple (1/1) D:4            Lair (1/6) D:11
    Orc (0/2) D:9

Altars:
Ashenzari
Cheibriados
Dithmenos
Elyvilon
Fedhas
Gozag
Hepliaklqana
Kikubaaqudgha
Makhleb
Nemelex Xobeh
Okawaru
Qazlal
Ru
Sif Muna
Trog
Uskayaw
Vehumet
Wu Jian
Xom
Yredelemnul
Zin
The Shining One

Portals:
Trove: D:10 (give horn of Geryon)

Annotations:
D:9 1 runed door, poxu's ghost, novice CeHu


Innate Abilities, Weirdness & Mutations

You have hooves in place of feet.
Armour fits poorly on your strangely shaped body.
You cover ground very quickly.
You have extremely tough skin. (AC +3)


Message History

Found a runed rapier.
Found an escape hatch in the ceiling.
You feel very mighty all of a sudden.
The minotaur throws a javelin of returning.
The javelin of returning hits you!!
The weapon returns to the minotaur!
The minotaur hits you with a broad axe of flaming.
The minotaur burns you.
The minotaur gores you but does no damage.
You hit the minotaur.
The minotaur seems to speed up.
The minotaur is lightly wounded.
The minotaur barely misses you. The minotaur completely misses you.
You gain the combat prowess of a mighty hero.
The minotaur misses you.
The minotaur gores you but does no damage.
You barely miss the minotaur.
The minotaur furiously retaliates!
The minotaur headbutts you!
You kick the minotaur.
The minotaur is lightly wounded.
The minotaur hits you with a broad axe of flaming!!
* * * LOW HITPOINT WARNING * * *
The minotaur burns you!
You die...

#.###.#...
....##### ...
... . ####
#.....# #
###.#.#≈≈≈
#.###.# ...#.#
≈< #.#.# #.#
H. #...#
#.#...###.
#...# #
###.#... #..##
...###'###...#
#.....H@..#.#
...#...#...#.#
#.#####.### ..
..# #. ### #


You could see a minotaur.

Vanquished Creatures
  Snorg (D:10)
  Fannar (D:10)
  3 two-headed ogres
  Nergalle (Lair:1)
  A centaur zombie (D:8)
  Joseph (D:10)
  A troll (D:8)
  Prince Ribbit (D:6)
  2 hippogriffs
  A meliai zombie (D:11)
  4 redbacks (Lab)
  A shadow (D:11)
  A spriggan (D:7)
  A wyvern (D:10)
  7 yaks
  Eustachio (D:6)
  A hungry ghost (D:7)
  Grum (D:11)
  Menkaure (D:4)
  A naga (shapeshifter) (D:11)
  4 sky beasts
  2 ice beasts
  5 orc warriors
  3 black bears
  4 wolves
  2 phantoms
  4 ogres
  6 centaurs
  2 crocodiles
  A big kobold (D:8)
  8 bullfrogs
  5 scorpions
  19 killer bees
  2 bullfrog zombies
  4 crimson imps
  5 hounds
  3 jellies
  4 orc priests
  Crazy Yiuf (D:2)
  13 orc wizards
  A bullfrog skeleton (D:10)
  4 iguanas
  8 worker ants
  A killer bee zombie (D:6)
  A hound zombie (D:6)
  A hound skeleton (D:5)
  2 worker ant zombies
  4 gnolls (D:4)
  17 adders
  2 shadow imps (D:10)
  An ooze (D:9)
  3 adder zombies
  A worm (D:2)
  2 dart slugs
  8 leopard geckos
  47 orcs
  9 giant cockroaches
  7 goblins
  10 hobgoblins
  19 jackals
  6 quokkas
  4 ball pythons
  12 bats
  4 frilled lizards
  10 kobolds
  A leopard gecko skeleton (D:9)
  4 rats
  2 fungi (D:11)
320 creatures vanquished.

Vanquished Creatures (others)
  A bullfrog skeleton (D:8)
  An orc wizard (D:6)
  3 fungi
  7 plants (D:9)
12 creatures vanquished.

Grand Total: 332 creatures vanquished

Notes
Turn   | Place    | Note
-------+----------+-------------------------------------------
     0 | D:1      | wilfster70 the Centaur Hunter began the quest for the Orb.
     0 | D:1      | Reached XP level 1. HP: 17/17 MP: 1/1
    41 | D:1      | Found a glowing golden altar of the Shining One.
   208 | D:1      | Reached XP level 2. HP: 24/24 MP: 2/2
   481 | D:1      | Reached skill level 6 in Bows
   631 | D:1      | Reached XP level 3. HP: 30/30 MP: 3/3
  1014 | D:2      | Found a runed door.
  1018 | D:2      | Noticed Crazy Yiuf
  1027 | D:2      | Killed Crazy Yiuf
  1027 | D:2      | Reached XP level 4. HP: 13/37 MP: 4/4
  1522 | D:2      | Reached skill level 7 in Bows
  1621 | D:3      | Noticed a black bear
  1642 | D:2      | Reached XP level 5. HP: 45/45 MP: 5/5
  1699 | D:2      | Killed a black bear
  1789 | D:3      | Found a white marble altar of Elyvilon.
  2060 | D:3      | Reached XP level 6. HP: 51/51 MP: 6/6
  2329 | D:3      | Reached skill level 8 in Bows
  2582 | D:4      | Reached skill level 1 in Staves
  2807 | D:4      | Found a staircase to the Ecumenical Temple.
  2811 | D:4      | Reached XP level 7. HP: 59/59 MP: 7/7
  2818 | Temple   | Entered the Ecumenical Temple
  2834 | Temple   | Became a worshipper of Warmaster Okawaru
  2974 | D:4      | Found a sacrificial altar of Ru.
  2987 | D:4      | Noticed Menkaure
  2994 | D:4      | Killed Menkaure
  2994 | D:4      | Reached skill level 9 in Bows
  3373 | D:4      | Found a white marble altar of Elyvilon.
  3443 | D:5      | Entered Level 5 of the Dungeon
  3575 | D:5      | Reached * piety under Okawaru
  3589 | D:5      | Reached skill level 10 in Bows
  3589 | D:5      | Reached XP level 8. HP: 43/67 MP: 8/8
  3707 | D:5      | Noticed an angel
  3708 | D:5      | Found a shimmering altar of Xom.
  3727 | D:5      | Reached skill level 5 in Fighting
  3733 | D:5      | Found a glowing silver altar of Zin.
  3864 | D:5      | Found a burning altar of Makhleb.
  4173 | D:6      | Noticed Eustachio
  4181 | D:6      | Killed Eustachio
  4181 | D:6      | Reached skill level 11 in Bows
  4266 | D:6      | Found a deep blue altar of Sif Muna.
  4267 | D:6      | Noticed Prince Ribbit
  4301 | D:6      | Killed Prince Ribbit
  4301 | D:6      | Reached ** piety under Okawaru
  4522 | D:6      | Found a burning altar of Makhleb.
  4592 | D:7      | Found an opulent altar of Gozag.
  4718 | D:7      | Found a sacrificial altar of Ru.
  4765 | D:6      | Reached XP level 9. HP: 24/75 MP: 6/9
  4908 | D:7      | Reached skill level 12 in Bows
  5164 | D:7      | Reached *** piety under Okawaru
  5164 | D:7      | Reached skill level 5 in Staves
  5275 | D:7      | Got a shadowed robe
  5560 | D:8      | Noticed a two-headed ogre
  5566 | D:8      | Killed a two-headed ogre
  5566 | D:8      | Reached skill level 13 in Bows
  5899 | D:8      | Reached **** piety under Okawaru
  5899 | D:8      | Received a gift from Okawaru
  5899 | D:8      | Reached XP level 10. HP: 82/86 MP: 10/10
  6701 | D:9      | Found an ancient bone altar of Kikubaaqudgha.
  6711 | D:8      | Reached skill level 14 in Bows
  6719 | D:8      | Reached skill level 1 in Evocations
  6726 | D:8      | Identified the +1 robe of the Engineer {rC+ rN+ Int+5
                  | Dex+4} (You found it on level 7 of the Dungeon)
  6759 | D:8      | Learned a level 1 spell: Sandblast
  6929 | D:8      | Received a gift from Okawaru
  7166 | D:9      | Found a sparkling altar of Nemelex Xobeh.
  7303 | D:9      | Found a runed door.
  7303 | D:9      | Noticed poxu's ghost (novice CeHu)
  7347 | D:9      | Found a staircase to the Orcish Mines.
  7483 | D:9      | Noticed a two-headed ogre
  7502 | D:9      | Killed a two-headed ogre
  7502 | D:9      | Reached skill level 1 in Spellcasting
  7532 | D:9      | Found a hazy altar of Hepliaklqana.
  7536 | D:9      | Found a shadowy altar of Dithmenos.
  7541 | D:9      | Found an ornate altar of the Wu Jian Council.
  7890 | D:10     | Entered Level 10 of the Dungeon
  8164 | D:10     | Found a portal to a secret trove of treasure.
  8307 | D:10     | Received a gift from Okawaru
  8328 | D:10     | Noticed a two-headed ogre
  8365 | D:10     | Killed a two-headed ogre
  8443 | D:10     | Reached XP level 11. HP: 76/97 MP: 14/14
  8759 | D:10     | Received a gift from Okawaru
  8768 | D:10     | Reached skill level 5 in Evocations
  8911 | D:10     | Noticed Joseph
  8930 | D:10     | Killed Joseph
  8990 | D:10     | Noticed Fannar
  9031 | D:10     | Killed Fannar
  9031 | D:10     | Reached ***** piety under Okawaru
  9629 | D:11     | Noticed Snorg
  9638 | D:10     | Received a gift from Okawaru
  9690 | D:10     | Killed Snorg
  9690 | D:10     | Reached skill level 10 in Fighting
  9903 | D:11     | Identified the Catalogue of the Postmodern Emperors
  9935 | D:11     | Found a staircase to the Lair.
 10132 | D:11     | Found a shimmering altar of Xom.
 10164 | D:11     | Noticed Grum
 10230 | D:11     | Killed Grum
 10232 | D:11     | Received a gift from Okawaru
 10718 | D:11     | Received a gift from Okawaru
 10718 | D:11     | Reached skill level 1 in Earth Magic
 11972 | Lair:1   | Entered Level 1 of the Lair of Beasts
 11997 | Lair:1   | Noticed Nergalle
 12018 | Lair:1   | Killed Nergalle
 12051 | Lair:1   | Found a labyrinth entrance.
 12065 | Lab      | Entered a labyrinth
 12159 | Lab      | Reached skill level 1 in Invocations
 12176 | Lab      | HP: 5/101 [poisoned by a redback]
 12182 | Lab      | HP: 4/101 [poisoned by a redback]
 12188 | Lab      | HP: 4/101 [poisoned by a redback]
 12193 | Lab      | HP: 5/101 [poisoned by a redback]
 12482 | Lab      | Reached skill level 5 in Spellcasting
 12557 | Lab      | Noticed a minotaur
 12568 | Lab      | Slain by a minotaur

Skill      XL: |  1  2  3  4  5  6  7  8  9 10 11 |
---------------+----------------------------------+-----
Bows           | 6 7 8 10 11 13 14 | 14.0
Dodging        | 2 3 |  3.0
Fighting       | 3 4 6 7 9 10 | 10.7
Staves         | 1 2 4 5 6 |  6.0
Evocations     | 4 6 |  6.0
Spellcasting   | 2 5 |  5.0
Earth Magic    | 2 |  2.1
Invocations    | 1 |  1.3
Stealth        | |  0.4

Action                   |  1- 3 |  4- 6 |  7- 9 | 10-12 || total
-------------------------+-------+-------+-------+-------++-------
Melee: Short sword       |     4 |       |       |       ||     4
       Kick              |     1 |    14 |    75 |   105 ||   195
       Quarterstaff      |       |    86 |   334 |   363 ||   783
 Fire: Shortbow          |    89 |   111 |       |   161 ||   361
Invok: Heroism           |       |       |     1 |     3 ||     4
  Use: Scroll            |     4 |       |    20 |     7 ||    31
       Potion            |       |       |       |     2 ||     2
 Stab: Confused          |       |       |     2 |       ||     2
       Paralysed         |       |       |     1 |     1 ||     2
       Petrifying        |       |       |       |     3 ||     3
       Distracted        |       |       |       |     1 ||     1
       Petrified         |       |       |       |     1 ||     1
  Eat: Chunk             |       |     4 |     7 |    14 ||    25
       Ration            |       |       |     1 |     1 ||     2
Armor: Scale mail        |    13 |   108 |       |       ||   121
       Chain mail        |       |     3 |   259 |    31 ||   293
       Robe              |       |       |       |   230 ||   230
Dodge: Dodged            |    11 |    55 |   101 |   283 ||   450
